 Dungeon Sprint DCSS version 0.31-a0-774-g0d66cbabe8 (webtiles) character file.

Game seed: 2579080244881270412

40507 Conn the Scorcher (level 14, -36/86 HPs)
             Began as an Octopode Fire Elementalist on Sept 17, 2023.
             Was a High Priest of Sif Muna.
             Killed by an exploding ball lightning (44 damage)
             ... in the Dungeon (Sprint I: "Red Sonja").
             The game lasted 00:38:42 (5381 turns).

Conn the Scorcher (Octopode Fire Elementalist)      Turns: 5381, Time: 00:38:43

Health: -36/86     AC:  5    Str: 14      XL:     14   Next: 11%
Magic:  18/42      EV: 14    Int: 20 (22) God:    Sif Muna [*****.]
Gold:   1260       SH:  4    Dex: 12      Spells: 3/44 levels left

rFire   + + .        n - +7 flail of the Vase {freeze, rC++}
rCold   + + .        u - +0 buckler
rNeg    . . .        (helmet restricted)
rPois   .            (no amulet)
rElec   .            i - +6 ring of strength
rCorr   .            d - ring of protection from fire
SInv    +            r - ring of see invisible
Will    +....        s - ring of magical power
Stlth   +++++        t - +4 ring of protection
HPRegen 0.34/turn    (no ring)
MPRegen 0.28/turn    (no ring)
                     (no ring)

%: no teleportation
@: no status effects
A: almost no armour, amphibious, 8 rings, camouflage 1, gelatinous body 1,
nimble swimmer 1, tentacles, deterioration 1, fire resistance 1, inability to
drink after injury 1
a: Renounce Religion, Channel Magic, Forget Spell, Divine Exegesis


You were in the Dungeon.
You worshipped Sif Muna.
Sif Muna was extremely pleased with you.
You visited 1 branch You collected 3840 gold pieces.
You spent 2580 gold pieces at shops.

Inventory:

Hand Weapons
 g - a +0 dagger of venom
 k - a +2 dagger of distortion
 n - the +7 flail of the Vase (weapon) {freeze, rC++}
   (You found it in the Dungeon)

   rC++:      It greatly protects you from cold.
Missiles
 l - 3 curare-tipped darts (quivered)
Armour
 u - a +0 buckler (worn)
Jewellery
 d - a ring of protection from fire (right tentacle)
 i - a +6 ring of strength (left tentacle)
 r - a ring of see invisible (on tentacle)
 s - a ring of magical power (on tentacle)
 t - a +4 ring of protection (on tentacle)
Wands
 e - a wand of mindburst (8)
 j - a wand of charming (10)
 m - a wand of flame (10)
Scrolls
 f - a scroll of blinking
 h - 2 scrolls of revelation
 q - a scroll of identify
Potions
 a - 2 potions of magic
 b - 3 potions of curing
 c - a potion of heal wounds
 p - 2 potions of lignification
Miscellaneous
 o - a lightning rod (4/4)


   Skills:
 * Level 4.7 Fighting
 + Level 1.0 Short Blades
 + Level 2.4 Throwing
 - Level 6.0 Dodging
 - Level 5.6 Stealth
 * Level 1.2 Shields
 + Level 15.9 Spellcasting
 * Level 13.8 Conjurations
 - Level 3.0 Hexes
 + Level 1.8 Summonings
 + Level 17.7 Fire Magic
 * Level 7.9 Ice Magic
 - Level 6.0 Air Magic
 - Level 7.7 Earth Magic
 * Level 11.0 Invocations


You had 3 spell levels left.
You knew the following spells:

 Your Spells              Type           Power      Damage    Failure   Level
a - Foxfire               Conj/Fire      100%       2x1d9     0%          1
b - Scorch                Fire           100%       2d9       0%          2
c - Inner Flame           Hex/Fire       55%        N/A       1%          3
d - Flame Wave            Conj/Fire      68%        2d15      1%          4
e - Fireball              Conj/Fire      34%        3d14      1%          5
f - Plasma Beam           Fire/Air       29%        2x1d42    6%          6
g - Summon Guardian Gole  Hex/Summ       25%        N/A       6%          3
h - Metabolic Englaciati  Hex/Ice        18%        N/A       16%         5
j - Leda's Unmaking       Conj/Erth      28%        9d5       10%         6
k - Ozocubu's Armour      Ice            47%        N/A       1%          3
l - Hailstorm             Conj/Ice       56%        3d12      1%          3

Your spell library contained the following spells:

 Spells                   Type           Power      Damage    Failure   Level
 Kiss of Death            Conj/Necr      100%       2d13      1%          1
 Ensorcelled Hibernation  Hex/Ice        74%        N/A       1%          2
 Passwall                 Tmut/Erth      25%        N/A       1%          2
 Dazzling Flash           Conj/Hex       98%        N/A       1%          3
 Stone Arrow              Conj/Erth      100%       3d13      1%          3
 Volatile Blastmotes      Fire/Tloc      100%       2d18      1%          3
 Jinxbite                 Hex            54%        N/A       2%          2
 Tukima's Dance           Hex            27%        N/A       4%          3
 Sting                    Tmut/Pois      60%        1d6       5%          1
 Call Canine Familiar     Summ           23%        N/A       7%          3
 Sublimation of Blood     Necr           15%        N/A       8%          2
 Wereblood                Tmut           15%        N/A       8%          2
 Vampiric Draining        Necr           15%        2d7       16%         3
 Brom's Barrelling Bould  Conj/Erth      56%        2d7       1%          4
 Fulminant Prism          Conj/Hex       24%        3d12      1%          4
 Sticky Flame             Conj/Fire      68%        2d8       1%          4
 Iskenderun's Battlesphe  Conj           63%        2d11      1%          5
 Arcjolt                  Conj/Air       26%        1d36      2%          5
 Leda's Liquefaction      Hex/Erth       18%        N/A       5%          4
 Summon Ice Beast         Ice/Summ       35%        N/A       7%          4
 Irradiate                Conj/Tmut      21%        3d18      9%          5
 Silence                  Hex/Air        16%        N/A       22%         5
 Ignition                 Fire           36%        3d11      24%         8
 Anguish                  Hex/Necr       10%        N/A       28%         4
 Passage of Golubria      Tloc           15%        N/A       45%         4
 Ozocubu's Refrigeration  Ice            23%        4d12      86%         7
 Lehudib's Crystal Spear  Conj/Erth      28%        10d7      99%         8
 Death Channel            Necr           7%         N/A       100%        6
 Enfeeble                 Hex            13%        N/A       100%        7
 Haunt                    Necr/Summ      9%         N/A       100%        7
 Monstrous Menagerie      Summ           11%        N/A       100%        7
 Polar Vortex             Ice            23%        12d3*     100%        9


Dungeon Overview and Level Annotations

Branches:
Dungeon (1/1)

Altars:
Cheibriados
Dithmenos
Elyvilon
Fedhas
Gozag
Hepliaklqana
Kikubaaqudgha
Makhleb
Nemelex Xobeh
Okawaru
Qazlal
Ru
Sif Muna
Trog
Uskayaw
Vehumet
Wu Jian
Xom
Yredelemnul
Zin
The Shining One
Jiyva
Lugonu

Shops:
D =?(!?!![!*[??**(*[([?

Annotations:
D Lernaean hydra, Lom Lobon


Innate Abilities, Weirdness & Mutations

You cannot wear most types of armour.
You are amphibious.
You can wear up to eight rings at the same time.
Your skin changes colour to match your surroundings (Stealth+).
Your rubbery body absorbs attacks. (AC +1, EV +1)
You are camouflaged when in or above water. (Stealth+)
You have tentacles for arms and can constrict up to eight enemies at once.
Your body sometimes deteriorates upon taking damage.
Your flesh is heat resistant. (rF+)
You occasionally lose the ability to drink potions when taking damage.


Message History

Unknown command.
Unknown command.
Unknown command.
You enter the shallow water.
The ball lightning explodes!
The blast of lightning engulfs the ball lightning.
The ball lightning completely resists.
The blast of lightning engulfs you!!
The ball lightning moves out of view. x2
Okay, then.
Unknown command.
Unknown command.
Unknown command.
Casting: Fireball (mildly dangerous; 1% risk of failure)
Confirm with . or Enter, or press ? or * to list all spells.
Okay, then.
Casting: Fireball (mildly dangerous; 1% risk of failure)
Confirm with . or Enter, or press ? or * to list all spells.
Casting: Metabolic Englaciation (dangerous; 14% risk of failure)
Press: ? - help, Dir - look around, f - activate Look: a ball lightning (sparks, water, not susceptible)
Okay, then.
Unknown command.
Unknown command.
Unknown command.
Unknown command.
The ball lightning explodes!
The blast of lightning engulfs you!!
Your body deteriorates!
You feel dopey.
The blast of lightning engulfs your guardian golem!
Your guardian golem resists.
You hear a clap of thunder!
The blast of lightning engulfs you!!
* * * LOW HITPOINT WARNING * * *
The blast of lightning engulfs your guardian golem!!
Your guardian golem resists.
Your guardian golem overheats!
You hear a clap of thunder!
The blast of lightning engulfs the ball lightning.
The ball lightning completely resists.
The blast of lightning engulfs you!!!
Ouch! That really hurt!
You die...

.....#.###..#,,,,,,,,,,,,*,*
.....#.#.+..#*,,,,,,,,,,**,*
..####+#^##'##,,,,,,,,,,*,,*
###,,,,#.#~~~##,,,,,,,,**○,*
#,,,***#,#~~~~##,,,,,,**○$,*
,,***^,,,#~~~~~#######*°°°,*
***,,,,####~~~~#~~~~~#○○☼.,*
,,^,,^,#..#'~~~'~~.~~°☼°.,,*
,,,,,,,#...##~~#@~9~~#°○○,,*
,,,.,,,#....######*#####~~~*
*,,.&○^#....#~~≈*§*≈≈≈≈#*~~*
*^,.○°○#######§&*§*≈≈≈≈≈≈≈~*
*,^.°○○°○|#|)'§§§§~~~~~~#≈~*
^,,,^,,#)}+[.#.§**....~~~#~*
*******###################**


You could see a ball lightning (ally target) and a friendly guardian golem
(summoned, inner flame).

Vanquished Creatures
  A daeva (D)
  A deep elf annihilator (D)
  A lorocyproca (D)
  A mummy priest (D)
  A hydra (D)
  2 centaur warriors (D)
  2 demonic crawlers (D)
  Sonja (D)
  A lindwurm (D)
  A deep troll (D)
  2 oklob plants (D)
  8 shining eyes (D)
  2 merfolk sirens (D)
  2 gargoyles (D)
  7 unseen horrors (D)
  2 kobold demonologists (D)
  A meliai (D)
  A hellwing (D)
  4 hornets (D)
  Sigmund (D)
  A slime creature (D)
  A yak (D)
  13 hogs (D)
  2 redbacks (D)
  7 floating eyes (D)
  An ogre (D)
  7 necrophages (D)
  8 jellies (D)
  Ijyb (D)
83 creatures vanquished.

Vanquished Creatures (others)
  A deep elf master archer (D)
  2 demonic crawlers (D)
  A hornet (D)
  4 ball lightnings (D)
  2 ballistomycete spores (D)
  176 foxfires (D)
186 creatures vanquished.

Grand Total: 269 creatures vanquished

Notes
Turn   | Place    | Note
-------+----------+-------------------------------------------
     0 | D        | Conn the Octopode Fire Elementalist began the quest for the
                  | Orb.
     0 | D        | Reached XP level 1. HP: 11/11 MP: 3/3
     4 | D        | Noticed Ijyb
     9 | D        | Killed Ijyb
    10 | D        | Reached skill level 4 in Fire Magic
    10 | D        | Reached XP level 2. HP: 10/17 MP: 0/5
    10 | D        | Reached XP level 3. HP: 13/21 MP: 0/7
    16 | D        | HP: 1/21 [poisoned by Ijyb]
    20 | D        | Learned a level 2 spell: Scorch
    24 | D        | Learned a level 3 spell: Inner Flame
    99 | D        | Noticed an ogre
   102 | D        | Killed an ogre
   103 | D        | Reached skill level 6 in Fire Magic
   103 | D        | Reached XP level 4. HP: 27/27 MP: 0/10
   197 | D        | Learned a level 4 spell: Flame Wave
   197 | D        | Noticed Sigmund
   207 | D        | Killed Sigmund
   208 | D        | Reached skill level 5 in Stealth
   208 | D        | Reached skill level 5 in Spellcasting
   208 | D        | Reached skill level 5 in Conjurations
   208 | D        | Reached skill level 8 in Fire Magic
   208 | D        | Reached XP level 5. HP: 31/31 MP: 3/13
   208 | D        | Reached XP level 6. HP: 36/36 MP: 3/14
   295 | D        | Found an ornate altar of the Wu Jian Council.
   295 | D        | Found a shimmering blue altar of Sif Muna.
   297 | D        | Found a radiant altar of Vehumet.
   301 | D        | Reached skill level 9 in Fire Magic
   312 | D        | Became a worshipper of Sif Muna the Loreminder
   332 | D        | Noticed Sonja
   337 | D        | Killed Sonja
   338 | D        | Reached skill level 1 in Hexes
   338 | D        | Reached skill level 11 in Fire Magic
   338 | D        | Reached XP level 7. HP: 41/41 MP: 7/18
   338 | D        | Reached XP level 8. HP: 46/46 MP: 7/20
   514 | D        | Found Tuycu's Jewellery Boutique.
   536 | D        | Found Lagg's Distillery.
   536 | D        | Found an ancient bone altar of Kikubaaqudgha.
   536 | D        | Found a hazy altar of Hepliaklqana.
   536 | D        | Found a stormy altar of Qazlal.
   536 | D        | Found a hide-covered altar of Uskayaw.
   536 | D        | Found a blossoming altar of Fedhas.
   536 | D        | Found a bloodstained altar of Trog.
   536 | D        | Found an iron altar of Okawaru.
   536 | D        | Found a basalt altar of Yredelemnul.
   536 | D        | Found a glowing golden altar of the Shining One.
   536 | D        | Found a snail-covered altar of Cheibriados.
   536 | D        | Found a sacrificial altar of Ru.
   536 | D        | Found a glowing silver altar of Zin.
   536 | D        | Found a shadowy altar of Dithmenos.
   536 | D        | Found a white marble altar of Elyvilon.
   536 | D        | Noticed a yak
   541 | D        | Killed a yak
   545 | D        | Found an opulent altar of Gozag.
   546 | D        | Found a sparkling altar of Nemelex Xobeh.
   587 | D        | Noticed a deep troll
   600 | D        | Killed a deep troll
   600 | D        | Reached * piety under Sif Muna
   601 | D        | Reached skill level 5 in Dodging
   601 | D        | Reached skill level 12 in Fire Magic
   613 | D        | Found Punit's Armour Emporium.
   737 | D        | Found a viscous altar of Jiyva.
   737 | D        | Found a corrupted altar of Lugonu.
   737 | D        | Noticed a slime creature
   738 | D        | Found a burning altar of Makhleb.
   738 | D        | Found a shimmering altar of Xom.
   744 | D        | Killed a slime creature
   745 | D        | Reached skill level 1 in Throwing
   804 | D        | Noticed a kobold demonologist
   806 | D        | Noticed a kobold demonologist
   808 | D        | Killed a kobold demonologist
   808 | D        | Reached ** piety under Sif Muna
   808 | D        | Killed a kobold demonologist
   809 | D        | Reached skill level 10 in Spellcasting
   809 | D        | Reached skill level 13 in Fire Magic
   809 | D        | Reached XP level 9. HP: 51/51 MP: 12/23
   890 | D        | Noticed a shining eye
   890 | D        | Noticed a shining eye
   890 | D        | Noticed a shining eye
   893 | D        | Paralysed by a floating eye for 4 turns
   900 | D        | Noticed a shining eye
   900 | D        | Paralysed by a floating eye for 4 turns
   910 | D        | Paralysed by a floating eye for 2 turns
   917 | D        | Gained mutation: Your body sometimes deteriorates upon
                  | taking damage. [a shining eye]
   918 | D        | Killed a shining eye
   919 | D        | Reached skill level 10 in Conjurations
   919 | D        | Killed a shining eye
   919 | D        | Reached *** piety under Sif Muna
   920 | D        | Reached skill level 14 in Fire Magic
  1046 | D        | Noticed a shining eye
  1058 | D        | Killed a shining eye
  1059 | D        | Reached XP level 10. HP: 56/56 MP: 11/25
  1141 | D        | Killed a shining eye
  1238 | D        | Paralysed by a floating eye for 3 turns
  1248 | D        | Paralysed by a floating eye for 4 turns
  1249 | D        | Killed a shining eye
  1249 | D        | Reached **** piety under Sif Muna
  1250 | D        | Reached skill level 5 in Invocations
  1322 | D        | Noticed a shining eye
  1328 | D        | Gained mutation: You occasionally lose the ability to read
                  | scrolls when taking damage. [a shining eye]
  1330 | D        | Killed a shining eye
  1331 | D        | Reached skill level 15 in Fire Magic
  1331 | D        | Noticed a shining eye
  1331 | D        | Noticed a shining eye
  1339 | D        | Paralysed by a floating eye for 3 turns
  1346 | D        | Paralysed by a floating eye for 3 turns
  1353 | D        | Paralysed by a floating eye for 2 turns
  1362 | D        | Paralysed by a floating eye for 3 turns
  1370 | D        | Paralysed by a floating eye for 3 turns
  1379 | D        | Paralysed by a floating eye for 4 turns
  1394 | D        | Paralysed by a floating eye for 2 turns
  1399 | D        | Paralysed by a floating eye for 3 turns
  1404 | D        | Paralysed by a floating eye for 4 turns
  1410 | D        | Paralysed by a floating eye for 4 turns
  1416 | D        | Paralysed by a floating eye for 4 turns
  1423 | D        | Paralysed by a floating eye for 4 turns
  1429 | D        | Paralysed by a floating eye for 4 turns
  1436 | D        | Paralysed by a floating eye for 4 turns
  1444 | D        | Paralysed by a floating eye for 2 turns
  1450 | D        | Paralysed by a floating eye for 4 turns
  1459 | D        | Paralysed by a floating eye for 2 turns
  1466 | D        | Paralysed by a floating eye for 4 turns
  1473 | D        | Killed a shining eye
  1475 | D        | Killed a shining eye
  1475 | D        | Reached ***** piety under Sif Muna
  1475 | D        | Received a gift from Sif Muna
  1476 | D        | Got disorganized book {god gift}
  1612 | D        | Found Aguiras's Magic Scroll Shop.
  1612 | D        | Found Nuruu's Magic Scroll Shoppe.
  1612 | D        | Found Rapipo's Distillery.
  1612 | D        | Found Plog's Weapon Emporium.
  1626 | D        | Bought a potion of lignification for 33 gold pieces
  1628 | D        | Bought a scroll of blinking for 82 gold pieces
  1673 | D        | Noticed a centaur warrior
  1677 | D        | Noticed a centaur warrior
  1681 | D        | Killed a centaur warrior
  1684 | D        | Killed a centaur warrior
  1685 | D        | Reached XP level 11. HP: 7/62 MP: 11/28
  1928 | D        | Noticed an oklob plant
  2022 | D        | Killed an oklob plant
  2023 | D        | Reached skill level 16 in Fire Magic
  2138 | D        | Received a gift from Sif Muna
  2139 | D        | Got moth-eaten book {god gift}
  2321 | D        | Received a gift from Sif Muna
  2323 | D        | Got moth-eaten book {god gift}
  2428 | D        | Learned a level 5 spell: Fireball
  2435 | D        | Learned a level 6 spell: Plasma Beam
  2454 | D        | Found Erhaucw's Antique Armour Shoppe.
  2455 | D        | Found Zoycad's Distillery.
  2455 | D        | Found Pyfos's Distillery.
  2456 | D        | Found Dukuo's Armour Boutique.
  2456 | D        | Found Osatwargh's Antique Weapon Emporium.
  2457 | D        | Found Raunyez's Magic Scroll Emporium.
  2467 | D        | Identified the +8 short sword of Dissolution {spect, rF-
                  | Will++ Str+6}
  2468 | D        | Identified the +3 scale mail of Iwy Qat {*Slow Regen+
                  | Dex+5}
  2473 | D        | Got a tattered book
  2479 | D        | Found Elegiu's General Store.
  2479 | D        | Found Saitued's Armour Shop.
  2479 | D        | Found Hoto Fegg's Magic Scroll Shoppe.
  2479 | D        | Found Fosan's Magic Scroll Boutique.
  2479 | D        | Found Qotudwui's General Store.
  2479 | D        | Found Zued's Assorted Antiques.
  2479 | D        | Found Cuummaphou's Weapon Shoppe.
  2483 | D        | Found Taecuit's Assorted Antiques.
  2631 | D        | Learned a level 3 spell: Summon Guardian Golem
  2637 | D        | Learned a level 5 spell: Metabolic Englaciation
  2641 | D        | Learned a level 3 spell: Call Canine Familiar
  2648 | D        | Learned a level 6 spell: Leda's Unmaking
  2689 | D        | Bought 2 potions of experience for 1000 gold pieces
  2689 | D        | Reached XP level 12. HP: 67/67 MP: 30/30
  2690 | D        | Reached XP level 13. HP: 72/72 MP: 31/31
  2769 | D        | Received a gift from Sif Muna
  2770 | D        | Reached skill level 1 in Air Magic
  2770 | D        | Reached skill level 5 in Earth Magic
  2771 | D        | Reached skill level 5 in Ice Magic
  2776 | D        | Got moth-eaten book {god gift}
  2781 | D        | Learned a level 3 spell: Ozocubu's Armour
  3030 | D        | Bought a ring of protection from fire for 300 gold pieces
  3079 | D        | Reached skill level 1 in Summonings
  3081 | D        | Received a gift from Sif Muna
  3082 | D        | Reached ****** piety under Sif Muna
  3083 | D        | Reached skill level 15 in Spellcasting
  3084 | D        | Reached skill level 1 in Fighting
  3090 | D        | Got resplendent book {god gift}
  3246 | D        | Reached skill level 17 in Fire Magic
  3246 | D        | Received a gift from Sif Muna
  3393 | D        | Got faded book {god gift}
  3468 | D        | Reached skill level 1 in Short Blades
  3468 | D        | Reached skill level 10 in Invocations
  3621 | D        | Noticed a deep elf annihilator
  3627 | D        | Killed a deep elf annihilator
  3694 | D        | Killed a mummy priest
  3694 | D        | Received a gift from Sif Muna
  3695 | D        | Reached skill level 5 in Air Magic
  3695 | D        | Got humming book {god gift}
  3703 | D        | Identified the +6 scale mail of Yhicupt {+Inv Regen+ Str+3}
  3855 | D        | Identified the +1 ring mail "Facririr" {+Blink rF+ rCorr}
  3855 | D        | Noticed a deep elf master archer
  3965 | D        | Noticed the 27-headed Lernaean hydra
  4064 | D        | Noticed a daeva
  4071 | D        | Killed a daeva
  4072 | D        | Reached XP level 14. HP: 27/85 MP: 18/33
  4480 | D        | Received a gift from Sif Muna
  4507 | D        | Identified the +7 flail of the Vase {freeze, rC++}
  4582 | D        | Learned a level 3 spell: Hailstorm
  4785 | D        | Bought a ring of see invisible for 180 gold pieces
  4785 | D        | Bought a ring of magical power for 240 gold pieces
  4785 | D        | Bought a +4 ring of protection for 432 gold pieces
  4832 | D        | Bought a buckler for 99 gold pieces
  4838 | D        | Bought a potion of lignification for 30 gold pieces
  4840 | D        | Bought a potion of mutation for 96 gold pieces
  4841 | D        | Lost mutation: You occasionally lose the ability to read
                  | scrolls when taking damage. [potion of mutation]
  4841 | D        | Lost mutation: Your body sometimes deteriorates upon taking
                  | damage. [potion of mutation]
  4841 | D        | Gained mutation: You are agile. (Dex +4, Str/Int -1)
                  | [potion of mutation]
  4841 | D        | Gained mutation: Potions are less effective at restoring
                  | your health. [potion of mutation]
  4841 | D        | Gained mutation: You have a pair of small antennae on your
                  | head. [potion of mutation]
  4842 | D        | Lost mutation: Potions are less effective at restoring your
                  | health. [potion of mutation]
  4842 | D        | Lost mutation: You have a pair of small antennae on your
                  | head. [potion of mutation]
  4842 | D        | Gained mutation: You are vulnerable to heat. (rF-) [potion
                  | of mutation]
  4842 | D        | Gained mutation: You expend magic power (3 MP) to
                  | strengthen your wands. [potion of mutation]
  4842 | D        | Lost mutation: You expend magic power (3 MP) to strengthen
                  | your wands. [potion of mutation]
  4895 | D        | Bought a potion of mutation for 88 gold pieces
  4895 | D        | Lost mutation: You are agile. (Dex +4, Str/Int -1) [potion
                  | of mutation]
  4895 | D        | Lost mutation: You are vulnerable to heat. (rF-) [potion of
                  | mutation]
  4895 | D        | Gained mutation: Your body sometimes deteriorates upon
                  | taking damage. [potion of mutation]
  4895 | D        | Gained mutation: You occasionally lose the ability to drink
                  | potions when taking damage. [potion of mutation]
  4895 | D        | Gained mutation: Your flesh is heat resistant. (rF+)
                  | [potion of mutation]
  4957 | D        | Noticed a lorocyproca
  4973 | D        | Killed a lorocyproca
  4974 | D        | Reached skill level 1 in Shields
  5161 | D        | Killed a deep elf master archer
  5364 | D        | Noticed Lom Lobon
  5381 | D        | Killed by an exploding ball lightning

Illustrated notes

Levels and vault maps discovered:
D:        dungeon_sprint_1 [red_sonja_temple_1, red_sonja_temple_small_1]

Skill      XL: |  1  2  3  4  5  6  7  8  9 10 11 12 13 14 |
---------------+-------------------------------------------+-----
Stealth        | 3 4 5 |  5.6
Conjurations   | 2 3 5 7 9 10 11 12 13 | 13.8
Fire Magic     | 4 6 8 11 13 14 15 16 17 | 17.7
Dodging        | 3 4 5 6 |  6.0
Spellcasting   | 4 5 8 10 11 13 14 15 | 15.9
Hexes          | 1 2 3 |  3.0
Throwing       | 1 2 |  2.4
Invocations    | 4 7 8 10 11 | 11.0
Ice Magic      | 4 7 |  7.9
Earth Magic    | 4 7 |  7.7
Air Magic      | 5 6 |  6.0
Summonings     | 1 |  1.8
Fighting       | 4 |  4.7
Short Blades   | 1 |  1.0
Shields        | 1 |  1.2

Action                     |  1- 3 |  4- 6 |  7- 9 | 10-12 | 13-15 || total
---------------------------+-------+-------+-------+-------+-------++-------
  Melee: Unarmed           |     4 |       |       |       |       ||     4
         Tentacles         |     2 |       |       |       |       ||     2
         Constrict         |     1 |       |       |       |       ||     1
         Dagger            |       |       |       |     1 |     1 ||     2
  Throw: Dart              |       |       |     4 |     3 |       ||     7
   Cast: Foxfire           |     4 |     4 |    15 |    44 |    50 ||   117
         Scorch            |     3 |     6 |    12 |    27 |    17 ||    65
         Inner Flame       |       |     1 |     6 |    28 |     9 ||    44
         Flame Wave        |       |       |     4 |     7 |    15 ||    26
         Fireball          |       |       |       |       |    10 ||    10
         Plasma Beam       |       |       |       |       |    17 ||    17
         Call Canine Famil |       |       |       |       |     3 ||     3
         Summon Guardian G |       |       |       |       |     3 ||     3
         Metabolic Englaci |       |       |       |       |     2 ||     2
         Leda's Unmaking   |       |       |       |       |     3 ||     3
         Ozocubu's Armour  |       |       |       |       |     1 ||     1
 Invoke: Channel Magic     |       |       |       |       |     1 ||     1
         Forget Spell      |       |       |       |       |     1 ||     1
    Use: Potion            |     1 |       |       |     2 |     6 ||     9
         Scroll            |       |       |       |       |     6 ||     6
   Stab: Sleeping          |       |       |       |     1 |     1 ||     2
 Armour: Skin              |     1 |       |     5 |    15 |    51 ||    72
  Dodge: Dodged            |     1 |     3 |     4 |    12 |    24 ||    44

Table legend: (Time is in decaauts)
 A = Elapsed time spent in this place.
 B = Non-inter-level travel time spent in this place.
 C = Inter-level travel time spent in this place.
 D = Time resting spent in this place.
 E = Time spent auto-exploring this place.
 F = Levels seen in this place.
 G = Mean time per level.
                   A        B        C        D        E       F      G
               +--------+--------+--------+--------+--------+-----+--------+
         Total |   5368 |   5202 |    166 |   3250 |      0 |   1 | 5368.0 |
       Dungeon |   5368 |   5202 |    166 |   3250 |      0 |   1 | 5368.0 |
               +--------+--------+--------+--------+--------+-----+--------+

Top non-repeatable levels by time:
       D: 5368 daAuts
